 Dungeon Crawl Stone Soup version 0.26-a0-642-g67e99244d3 (webtiles) character file.

Game seed: 10025325801602664148

28507 Gargoyl the Fighter (level 13, -4/104 HPs)
             Began as a Gnoll Abyssal Knight on Sept 23, 2020.
             Was the Champion of Lugonu.
             Slain by a death yak (21 damage)
             ... on level 4 of the Lair of Beasts.
             The game lasted 00:24:20 (17544 turns).

Gargoyl the Fighter (Gnoll Abyssal Knight)         Turns: 17544, Time: 00:24:21

Health: -4/104     AC: 35    Str: 19    XL:     13   Next: 39%
Magic:  25/25      EV: 10    Int: 15    God:    Lugonu [******]
Gold:   1190       SH:  0    Dex: 15    Spells: 28/28 levels left

rFire    + + .     SeeInvis .   J - +5 long sword "Fiduodem" {venom, rPois rF+ rC+ MR-}
rCold    + . .     Faith    .   (no shield)
rNeg     + . .     Spirit   .   E - +11 plate armour of the Pure Persimmons {Harm *Drain Regen+ Slay+4}
rPois    +         Reflect  .   h - +2 helmet
rElec    .         Harm     +   (no cloak)
rCorr    .         Rampage  .   (no gloves)
MR       .....                  o - +2 pair of boots
Stlth    ..........             (no amulet)
HPRegen  0.67/turn              l - ring "Baog" {rF+ rN+ Slay+6}
MPRegen  0.19/turn              f - +4 ring of protection

@: drained
A: distributed training, fangs 1, strong nose
a: Depart the Abyss, Bend Space, Banish, Corrupt, Enter the Abyss, Brand Weapon
With Distortion, Renounce Religion


You were on level 4 of the Lair of Beasts.
You worshipped Lugonu.
Lugonu was exalted by your worship.
You visited 2 branches of the dungeon, and saw 16 of its levels.
You visited the Abyss 1 time.

You collected 1190 gold pieces.

Inventory:

Hand Weapons
 a - a +5 hand axe of freezing
 J - the +5 long sword "Fiduodem" (weapon) {venom, rPois rF+ rC+ MR-}
   (You found it on level 9 of the Dungeon)

   It poisons the flesh of those it strikes.
   It protects you from fire.
   It protects you from cold.
   It protects you from poison.
   It affects your resistance to hostile enchantments.
 K - the +5 trident of Terror {vamp, rN+ Int+6 SInv}
   (You found it on level 11 of the Dungeon)

   It inflicts no extra harm, but heals its wielder when it wounds a living foe.
   It affects your intelligence (+6).
   It protects you from negative energy.
   It lets you see invisible.
Missiles
 j - 6 javelins
 I - 35 poisoned darts (quivered)
Armour
 h - a +2 helmet (worn)
 o - a +2 pair of boots (worn)
 E - the +11 plate armour of the Pure Persimmons (worn) {Harm *Drain Regen+ Slay+4}
   (You found it on level 11 of the Dungeon)

   It affects your accuracy and damage with ranged weapons and melee attacks
   (+4).
   It increases your rate of regeneration.
   It causes draining when unequipped.
   It increases damage dealt and taken.
Jewellery
 f - a +4 ring of protection (right hand)
 l - the ring "Baog" (left hand) {rF+ rN+ Slay+6}
   (You found it on level 11 of the Dungeon)

   [ring of protection from fire]

   It affects your accuracy and damage with ranged weapons and melee attacks
   (+6).
   It protects you from fire.
   It protects you from negative energy.
 r - an uncursed ring of protection from fire
 z - an uncursed ring of protection from cold
 A - an uncursed ring of positive energy
 G - an uncursed ring of see invisible
 L - a +6 ring of intelligence {unknown}
 N - an uncursed ring of resist corrosion {unknown}
Wands
 c - a wand of digging (5)
 e - a wand of acid (3)
 C - a wand of iceblast (18)
 D - a wand of flame (9)
 F - a wand of random effects (36)
 H - a wand of polymorph (16)
Scrolls
 b - 10 scrolls of remove curse
 g - 4 scrolls of fear
 k - 5 scrolls of identify
 t - 5 scrolls of teleportation
 y - 2 scrolls of fog
 M - 2 scrolls of enchant armour
Potions
 d - 3 potions of flight
 i - 7 potions of curing
 m - 2 potions of brilliance
 n - 2 potions of might
 p - 2 potions of haste
 q - 8 potions of stabbing
 s - a potion of magic
 u - 2 potions of heal wounds
 v - a potion of ambrosia
 w - a potion of cancellation
 x - a potion of resistance
 B - 2 potions of mutation {unknown}


   Skills:
 + Level 10.5(9.6) Fighting
 + Level 8.2(7.4) Short Blades
 + Level 8.2(7.4) Long Blades
 + Level 9.5(8.6) Axes
 + Level 8.2(7.4) Maces & Flails
 + Level 8.2(7.4) Polearms
 + Level 8.2(7.4) Staves
 + Level 8.2(7.4) Slings
 + Level 8.2(7.4) Bows
 + Level 8.2(7.4) Crossbows
 + Level 8.2(7.4) Throwing
 + Level 9.5(8.6) Armour
 + Level 8.7(7.9) Dodging
 + Level 8.2(7.4) Stealth
 + Level 8.2(7.4) Shields
 + Level 8.2(7.4) Unarmed Combat
 + Level 8.2(7.4) Spellcasting
 + Level 6.8(6.1) Conjurations
 + Level 6.8(6.1) Hexes
 + Level 6.8(6.1) Summonings
 + Level 6.8(6.1) Necromancy
 + Level 6.8(6.1) Translocations
 + Level 6.8(6.1) Transmutations
 + Level 6.8(6.1) Fire Magic
 + Level 6.8(6.1) Ice Magic
 + Level 6.8(6.1) Air Magic
 + Level 6.8(6.1) Earth Magic
 + Level 6.8(6.1) Poison Magic
 + Level 10.1(9.3) Invocations
 + Level 8.2(7.4) Evocations


You had 28 spell levels left.
You didn't know any spells.
Your spell library contained the following spells:

 Spells                   Type           Power        Failure   Level
 Confusing Touch          Hex            ###.....     56%         3
 Gell's Gravitas          Tloc           ###.......   56%         3
 Petrify                  Tmut/Erth      ###.....     92%         4
 Metabolic Englaciation   Hex/Ice        ###.......   99%         5
 Yara's Violent Unravell  Hex/Tmut       ###.......   99%         5


Dungeon Overview and Level Annotations

Branches:
Dungeon (12/15)            Temple (0/1) D:7            Lair (4/6) D:11
 Spider (0/4) Lair:2          Orc (0/2) D:11
  Swamp: Lair:2-4    Shoals: Lair:2-4

Altars:
Ashenzari
Makhleb
Qazlal
Vehumet
Wu Jian
Xom
Yredelemnul
The Shining One

Portals:
Trove: D:12 (give +2 fire dragon scales)


Innate Abilities, Weirdness & Mutations

Your experience applies equally to all skills.
You have very sharp teeth.
Your uncanny sense of smell can sniff out nearby items.


Message History

The death yak is lightly wounded.
The death yak closely misses you. The death yak barely misses you.
You slash the death yak!
The death yak looks as sick as possible!
The death yak is moderately wounded.
You hear the brisk rumble of a very distant avalanche of rocks.
The death yak gores you!
The death yak gores you but does no damage.
Unknown command.
You hit the death yak.
The death yak is poisoned.
You bite the death yak!
The death yak is lightly wounded.
The death yak gores you! x2
* * * LOW HITPOINT WARNING * * *
You hit the death yak.
The death yak looks as sick as possible!
The death yak is moderately wounded.
The death yak gores you!
* * * LOW HITPOINT WARNING * * *
The death yak gores you!!
You die...

....††...##
.###P###..##
## ###
##..## #
##..##
##..##
##..###
#....##
##.[..##
###.@.# ###
##YY## #..#.
##..##.....
#......#
##..P.#.#
#...###
###.## #...#
##.##


You could see 2 death yaks.

Vanquished Creatures
  The ghost of Diriag the Protected, a journeyman DDFi (Lair:3)
  Harold (D:8)
  A hydra (Lair:3)
  A two-headed ogre (D:12)
  Nergalle (Lair:1)
  A spectral death yak (Lair:3)
  A spectral catoblepas (Lair:3)
  A manticore (D:8)
  2 ugly things (D:11)
  2 black mambas
  7 cane toads
  A kobold demonologist (D:11)
  A rime drake (Lair:2)
  6 komodo dragons
  A troll (D:12)
  A jumping spider (Lair:2)
  8 blink frogs
  A hornet (D:9)
  Grinder (D:5)
  10 hippogriffs
  A spectral black mamba (Lair:3)
  A shadow (D:11)
  Sigmund (D:2)
  4 yaks
  3 wyverns
  2 vampire mosquitoes (D:11)
  A basilisk (Lair:1)
  A spectral komodo dragon (Lair:3)
  The ghost of sneaky the Firebug, an amateur DrFE (D:3)
  Grum (D:8)
  Edmund (D:6)
  A warg (D:11)
  A spectral cane toad (Lair:3)
  6 water moccasins
  Duvessa (D:6)
  7 porcupines
  3 orc warriors
  2 ice beasts
  4 sky beasts
  3 black bears
  A necrophage (D:11)
  An eye of draining (D:12)
  8 ogres
  A phantom (D:8)
  3 wolves (D:8)
  6 centaurs
  9 crocodiles
  2 big kobolds
  Blork the orc (D:5)
  22 bullfrogs
  Dowan (D:6)
  A cane toad simulacrum (Lair:3)
  4 scorpions
  6 killer bees (D:12)
  13 wights
  4 howler monkeys (D:9)
  2 torpor snail simulacra (Lair:3)
  6 centaur zombies
  A quasit (D:7)
  2 bullfrog zombies
  3 hounds
  7 orc priests
  3 bullfrog skeletons
  6 orc wizards
  7 iguanas
  7 hell rats (Lair:4)
  5 worker ants
  A killer bee zombie (D:6)
  A hound zombie (D:11)
  3 hound skeletons
  4 gnolls (D:8)
  A worker ant zombie (D:11)
  15 adders
  3 shadow imps (D:8)
  2 ufetubi
  3 oozes
  An adder zombie (D:8)
  An adder skeleton (D:9)
  4 worms
  4 dart slugs
  4 leopard geckos
  36 orcs
  8 bats
  3 giant cockroaches
  6 goblins
  7 hobgoblins
  16 jackals
  10 quokkas
  4 frilled lizards
  2 gnoll zombies (D:4)
  A jackal skeleton (D:4)
  21 kobolds
  A leopard gecko skeleton (D:5)
  2 quokka skeletons
  10 rats
400 creatures vanquished.

Vanquished Creatures (collateral kills)
  An ogre (D:9)
1 creature vanquished.

Vanquished Creatures (others)
  An orc wizard (D:8)
  A bush (Lair:3)
  54 fungi
  45 plants
  2 toadstools (D:10)
103 creatures vanquished.

Grand Total: 504 creatures vanquished

Notes
Turn   | Place    | Note
-------+----------+-------------------------------------------
     0 | Abyss:1  | Gargoyl the Gnoll Abyssal Knight began the quest for the
                  | Orb.
     0 | Abyss:1  | Reached XP level 1. HP: 23/23 MP: 3/3
    55 | Abyss:2  | Found a shimmering altar of Xom.
    79 | Abyss:2  | Noticed a small abomination
    89 | Abyss:2  | Noticed a raiju
    96 | Abyss:2  | Noticed a neqoxec
   126 | Abyss:2  | Noticed a titan skeleton
   133 | Abyss:2  | Noticed a ynoxinul
   134 | D:1      | Escaped the Abyss
   239 | D:1      | Reached * piety under Lugonu
   239 | D:1      | Reached XP level 2. HP: 28/29 MP: 5/5
   568 | D:1      | Reached XP level 3. HP: 33/35 MP: 6/6
   985 | D:2      | Reached skill level 1 in Short Blades
   985 | D:2      | Reached skill level 1 in Long Blades
   985 | D:2      | Reached skill level 1 in Maces & Flails
   985 | D:2      | Reached skill level 1 in Polearms
   985 | D:2      | Reached skill level 1 in Staves
   985 | D:2      | Reached skill level 1 in Slings
   985 | D:2      | Reached skill level 1 in Bows
   985 | D:2      | Reached skill level 1 in Crossbows
   985 | D:2      | Reached skill level 1 in Throwing
   985 | D:2      | Reached skill level 1 in Stealth
   985 | D:2      | Reached skill level 1 in Shields
   985 | D:2      | Reached skill level 1 in Unarmed Combat
   985 | D:2      | Reached skill level 1 in Spellcasting
   985 | D:2      | Reached skill level 1 in Evocations
  1035 | D:2      | Reached XP level 4. HP: 41/41 MP: 7/7
  1203 | D:2      | Reached ** piety under Lugonu
  1205 | D:2      | Reached skill level 1 in Conjurations
  1205 | D:2      | Reached skill level 1 in Hexes
  1205 | D:2      | Reached skill level 1 in Summonings
  1205 | D:2      | Reached skill level 1 in Necromancy
  1205 | D:2      | Reached skill level 1 in Translocations
  1205 | D:2      | Reached skill level 1 in Transmutations
  1205 | D:2      | Reached skill level 1 in Fire Magic
  1205 | D:2      | Reached skill level 1 in Ice Magic
  1205 | D:2      | Reached skill level 1 in Air Magic
  1205 | D:2      | Reached skill level 1 in Earth Magic
  1205 | D:2      | Reached skill level 1 in Poison Magic
  1214 | D:2      | Reached XP level 5. HP: 31/47 MP: 8/8
  1386 | D:2      | Found a burning altar of Makhleb.
  1596 | D:2      | Noticed Sigmund
  1604 | D:2      | Killed Sigmund
  1604 | D:2      | Reached skill level 5 in Invocations
  1604 | D:2      | Reached XP level 6. HP: 53/53 MP: 9/9
  1645 | D:2      | Reached skill level 5 in Axes
  1645 | D:2      | Reached skill level 5 in Armour
  1810 | D:2      | Found a shattered altar of Ashenzari.
  1814 | D:2      | Saw a vision of the Swamp and the Spider Nest.
  1814 | D:2      | Noticed a wolf spider
  1814 | D:2      | Noticed a hornet
  1814 | D:2      | Noticed a redback
  1814 | D:2      | Noticed a redback
  1814 | D:2      | Noticed an alligator
  1814 | D:2      | Noticed a swamp drake
  1814 | D:2      | Noticed a water moccasin
  1814 | D:2      | Noticed a water moccasin
  1814 | D:2      | Noticed an alligator
  1814 | D:2      | Noticed a redback
  1893 | D:2      | Found a radiant altar of Vehumet.
  2219 | D:3      | Found an ornate altar of the Wu Jian Council.
  2262 | D:3      | Found a runed translucent door.
  2268 | D:3      | Noticed sneaky's ghost (amateur DrFE)
  2337 | D:3      | Killed sneaky's ghost
  2337 | D:3      | Reached XP level 7. HP: 53/60 MP: 10/10
  2779 | D:4      | Reached *** piety under Lugonu
  3210 | D:4      | Found a stormy altar of Qazlal.
  3542 | D:4      | Found a basalt altar of Yredelemnul.
  3581 | D:5      | Entered Level 5 of the Dungeon
  3581 | D:5      | Noticed Grinder
  3588 | D:5      | Paralysed by Grinder for 7 turns
  3603 | D:5      | Paralysed by Grinder for 7 turns
  3785 | D:5      | Paralysed by Grinder for 6 turns
  3811 | D:5      | Paralysed by Grinder for 2 turns
  3823 | D:5      | Killed Grinder
  3823 | D:5      | Reached XP level 8. HP: 53/67 MP: 12/12
  3960 | D:5      | Noticed Blork the orc
  3986 | D:5      | Killed Blork the orc
  4605 | D:5      | Found a glowing golden altar of the Shining One.
  4683 | D:6      | Noticed Duvessa
  4683 | D:6      | Noticed Dowan
  4701 | D:6      | Killed Duvessa
  4722 | D:6      | Killed Dowan
  5005 | D:6      | Found a shimmering altar of Xom.
  5010 | D:6      | Found a shimmering altar of Xom.
  5010 | D:6      | Found a shimmering altar of Xom.
  5020 | D:6      | Found a shimmering altar of Xom.
  5020 | D:6      | Found a shimmering altar of Xom.
  5020 | D:6      | Found a shimmering altar of Xom.
  5031 | D:6      | Noticed Edmund
  5073 | D:6      | Killed Edmund
  5342 | D:6      | Reached XP level 9. HP: 69/72 MP: 14/14
  5947 | D:7      | Found a stormy altar of Qazlal.
  6009 | D:7      | Reached skill level 5 in Dodging
  6181 | D:7      | Reached **** piety under Lugonu
  6866 | D:7      | Found a staircase to the Ecumenical Temple.
  6991 | D:8      | Reached XP level 10. HP: 74/80 MP: 17/17
  7116 | D:8      | Noticed Harold
  7157 | D:8      | Killed Harold
  7157 | D:8      | Reached skill level 5 in Short Blades
  7157 | D:8      | Reached skill level 5 in Long Blades
  7157 | D:8      | Reached skill level 5 in Maces & Flails
  7157 | D:8      | Reached skill level 5 in Polearms
  7157 | D:8      | Reached skill level 5 in Staves
  7157 | D:8      | Reached skill level 5 in Slings
  7157 | D:8      | Reached skill level 5 in Bows
  7157 | D:8      | Reached skill level 5 in Crossbows
  7157 | D:8      | Reached skill level 5 in Throwing
  7157 | D:8      | Reached skill level 5 in Stealth
  7157 | D:8      | Reached skill level 5 in Shields
  7157 | D:8      | Reached skill level 5 in Unarmed Combat
  7157 | D:8      | Reached skill level 5 in Spellcasting
  7157 | D:8      | Reached skill level 5 in Evocations
  7173 | D:8      | Noticed Grum
  7189 | D:8      | Killed Grum
  8038 | D:8      | Noticed a manticore
  8062 | D:8      | Killed a manticore
  9683 | D:9      | Got a crude long sword
  9684 | D:9      | Identified the +5 long sword "Fiduodem" {venom, rPois rF+
                  | rC+ MR-} (You found it on level 9 of the Dungeon)
 10073 | D:9      | Reached ***** piety under Lugonu
 10073 | D:9      | Reached XP level 11. HP: 87/87 MP: 19/19
 10488 | D:10     | Entered Level 10 of the Dungeon
 11064 | D:10     | Reached skill level 5 in Conjurations
 11064 | D:10     | Reached skill level 5 in Hexes
 11064 | D:10     | Reached skill level 5 in Summonings
 11064 | D:10     | Reached skill level 5 in Necromancy
 11064 | D:10     | Reached skill level 5 in Translocations
 11064 | D:10     | Reached skill level 5 in Transmutations
 11064 | D:10     | Reached skill level 5 in Fire Magic
 11064 | D:10     | Reached skill level 5 in Ice Magic
 11064 | D:10     | Reached skill level 5 in Air Magic
 11064 | D:10     | Reached skill level 5 in Earth Magic
 11064 | D:10     | Reached skill level 5 in Poison Magic
 11652 | D:11     | Found a staircase to the Orcish Mines.
 11655 | D:11     | Noticed a six-headed hydra
 11667 | D:10     | Banished a six-headed hydra
 12015 | D:11     | Got a flickering jade ring
 12037 | D:11     | Identified the ring "Baog" {rF+ rN+ Slay+6} (You found it
                  | on level 11 of the Dungeon)
 12404 | D:11     | Found a staircase to the Lair.
 12524 | D:11     | Noticed a cyan ugly thing
 12533 | D:11     | Killed a cyan ugly thing
 12777 | D:11     | Noticed a cyan ugly thing
 12818 | D:11     | Killed a cyan ugly thing
 13062 | D:11     | Got a smelly plate armour
 13067 | D:11     | Got a fading trident
 13103 | D:11     | Identified the +11 plate armour of the Pure Persimmons
                  | {Harm *Drain Regen+ Slay+4} (You found it on level 11 of
                  | the Dungeon)
 13104 | D:11     | Identified the +5 trident of Terror {vamp, rN+ Int+6 SInv}
                  | (You found it on level 11 of the Dungeon)
 13217 | D:12     | Noticed a five-headed hydra
 13226 | D:11     | Banished a five-headed hydra
 13226 | D:11     | Reached XP level 12. HP: 96/96 MP: 14/22
 13878 | D:12     | Found a radiant altar of Vehumet.
 13929 | D:12     | Noticed a two-headed ogre
 13935 | D:12     | Killed a two-headed ogre
 14435 | D:12     | Found a portal to a secret trove of treasure.
 14769 | Lair:1   | Entered Level 1 of the Lair of Beasts
 14813 | Lair:1   | Noticed Nergalle
 14889 | Lair:1   | Killed Nergalle
 15176 | Lair:1   | Got a glimmering scale mail
 15177 | Lair:1   | Identified the +1 scale mail "Wooryorch" {Rampage rPois rC-
                  | Str+7} (You found it on level 1 of the Lair of Beasts)
 15502 | Lair:1   | Reached skill level 10 in Fighting
 15855 | Lair:2   | Found a shimmering altar of Xom.
 16084 | Lair:2   | Found a hole to the Spider Nest.
 16366 | Lair:3   | Reached XP level 13. HP: 101/103 MP: 24/24
 16649 | Lair:3   | Found a runed translucent gate.
 16649 | Lair:3   | Found a runed translucent gate.
 16649 | Lair:3   | Found a runed translucent gate.
 16650 | Lair:3   | Noticed Diriag's ghost (journeyman DDFi)
 16703 | Lair:3   | Killed Diriag's ghost
 16703 | Lair:3   | Reached skill level 10 in Invocations
 16884 | Lair:3   | Reached ****** piety under Lugonu
 17544 | Lair:4   | Slain by a death yak

Illustrated notes

Levels and vault maps discovered:
D:1:      dpeg_arrival_simpleton_b, layout_loops_ring, serial_bayou_ford_a
D:2:      cheibrodos_pilgrimage, layout_basic, minitemple, st_stairs_9,
          minivault_25, grunt_ashenzari_visionary
          [grunt_ashenzari_visionary_swamp, grunt_ashenzari_visionary_spider],
          uniq_sigmund
D:3:      layout_rooms, old_standard_altar, ebering_ghost_sewer_d
D:4:      layout_basic, lemuel_zombie_altar_yredelemnul,
          overflow_temple_1_default
D:5:      layout_rooms, tso_oasis_becter, due_unseen_surprise,
          uniq_blork_the_orc, uniq_grinder
D:6:      layout_loops_ring, xom_redecorated, uniq_duvessa, uniq_edmund
D:7:      layout_rooms, minmay_temple_entry_enclosed_plants, basic_altar
D:8:      layout_loops_cross, roderic_lattice_a, uniq_grum, uniq_harold
D:9:      nicolae_whirlpool, layout_basic
D:10:     layout_long_grid, minivault_1, minmay_misc_feat_rows,
          minmay_crystal_water, minmay_gold_behind_fungi
D:11:     layout_basic, due_lair_maze_entry_diamond, david_orc_3,
          minmay_diamond_spiral
D:12:     layout_grid_maze, nicolae_trove_entry_columns, basic_altar,
          minmay_misc_feat_hallway
Lair:1:   layout_hall_layers, uniq_nergalle
Lair:2:   layout_big_grid, spider_nest_entry_a, basic_altar
Lair:3:   layout_chaotic_city, gammafunk_ghost_necromancy, grunt_megastairs_5
Lair:4:   layout_cave_pods, swamp_mist, basic_altar, enter_volcano_2

Skill      XL: |  1  2  3  4  5  6  7  8  9 10 11 12 13 |
---------------+----------------------------------------+-----
Short Blades   | 1 2 3 4 5 6 7 8 |  8.2
Long Blades    | 1 2 3 4 5 6 7 8 |  8.2
Maces & Flails | 1 2 3 4 5 6 7 8 |  8.2
Polearms       | 1 2 3 4 5 6 7 8 |  8.2
Staves         | 1 2 3 4 5 6 7 8 |  8.2
Slings         | 1 2 3 4 5 6 7 8 |  8.2
Bows           | 1 2 3 4 5 6 7 8 |  8.2
Crossbows      | 1 2 3 4 5 6 7 8 |  8.2
Throwing       | 1 2 3 4 5 6 7 8 |  8.2
Stealth        | 1 2 3 4 5 6 7 8 |  8.2
Shields        | 1 2 3 4 5 6 7 8 |  8.2
Unarmed Combat | 1 2 3 4 5 6 7 8 |  8.2
Spellcasting   | 1 2 3 4 5 6 7 8 |  8.2
Evocations     | 1 2 3 4 5 6 7 8 |  8.2
Conjurations   | 1 2 3 4 5 6 |  6.8
Hexes          | 1 2 3 4 5 6 |  6.8
Summonings     | 1 2 3 4 5 6 |  6.8
Necromancy     | 1 2 3 4 5 6 |  6.8
Translocations | 1 2 3 4 5 6 |  6.8
Transmutations | 1 2 3 4 5 6 |  6.8
Fire Magic     | 1 2 3 4 5 6 |  6.8
Ice Magic      | 1 2 3 4 5 6 |  6.8
Air Magic      | 1 2 3 4 5 6 |  6.8
Earth Magic    | 1 2 3 4 5 6 |  6.8
Poison Magic   | 1 2 3 4 5 6 |  6.8
Dodging        | 3 4 5 6 7 8 |  8.7
Invocations    | 5 6 7 8 9 10 | 10.1
Axes           | 5 6 7 8 9 |  9.5
Armour         | 5 6 7 8 9 |  9.5
Fighting       | 7 8 9 10 | 10.5

Action                   |  1- 3 |  4- 6 |  7- 9 | 10-12 | 13-15 || total
-------------------------+-------+-------+-------+-------+-------++-------
Melee: Hand axe          |    89 |   161 |   326 |       |       ||   576
       Bite              |    10 |    16 |    67 |   118 |    24 ||   235
       Punch             |       |     1 |     4 |    18 |     4 ||    27
       Flail             |       |       |   233 |   280 |       ||   513
       Long sword        |       |       |       |   443 |   115 ||   558
Throw: Javelin           |       |     1 |       |       |       ||     1
       Dart              |       |       |     4 |    18 |     8 ||    30
Invok: Depart the Abyss  |     1 |       |       |       |       ||     1
       Banish            |       |       |       |     4 |       ||     4
Evoke: Wand              |       |       |     1 |       |       ||     1
  Use: Scroll            |     4 |     2 |    12 |    20 |     2 ||    40
       Potion            |       |     1 |       |     1 |       ||     2
 Stab: Sleeping          |       |     1 |       |       |       ||     1
Armor: Leather armour    |     5 |       |       |       |       ||     5
       Ring mail         |    23 |    14 |       |       |       ||    37
       Skin              |       |    30 |       |       |       ||    30
       Chain mail        |       |    60 |   336 |   275 |       ||   671
       Plate armour      |       |       |       |   362 |    98 ||   460
Dodge: Dodged            |    91 |    96 |   473 |   561 |    63 ||  1284
       Rpst.: Long sword |       |       |       |    93 |    18 ||   111

Table legend: (Time is in decaauts)
 A = Elapsed time spent in this place.
 B = Non-inter-level travel time spent in this place.
 C = Inter-level travel time spent in this place.
 D = Time resting spent in this place.
 E = Time spent auto-exploring this place.
 F = Levels seen in this place.
 G = Mean time per level.
                   A        B        C        D        E       F      G
               +--------+--------+--------+--------+--------+-----+--------+
         Total |  17723 |  17074 |    649 |   4469 |   8492 |  18 |  984.6 |
       Dungeon |  14863 |  14294 |    569 |   4105 |   6768 |  12 | 1238.6 |
          Lair |   2726 |   2647 |     79 |    364 |   1650 |   4 |  681.5 |
         Abyss |    133 |    133 |      0 |      0 |     74 |   2 |   66.5 |
               +--------+--------+--------+--------+--------+-----+--------+

Top non-repeatable levels by time:
     D:9: 2074 daAuts
     D:8: 1612 daAuts
    D:11: 1573 daAuts
    D:10: 1458 daAuts
    D:12: 1333 daAuts
     D:2: 1306 daAuts
     D:6: 1287 daAuts
  Lair:3: 979 daAuts
     D:7: 961 daAuts
     D:5: 913 daAuts
     D:4: 881 daAuts
  Lair:1: 801 daAuts
     D:3: 789 daAuts
     D:1: 672 daAuts
  Lair:2: 639 daAuts
